 Dungeon Crawl Stone Soup version 0.30.1-3-gfc49f6343a (webtiles) character file.

Game seed: 2339403204735564403

205 wingedge the Sneak (level 5, -2/38 (40) HPs)
             Began as a Demigod Wanderer on July 21, 2023.
             Slain by a wight
             ... wielding a +3 halberd
              (19 damage)
             ... on level 5 of the Dungeon.
             The game lasted 00:21:22 (4254 turns).

wingedge the Sneak (Demigod Wanderer)               Turns: 4254, Time: 00:21:22

HP:   -2/38 (40)    AC:  2    Str: 11    XL:     5   Next: 27%
MP:   10/10         EV: 11    Int: 18    God:
Gold: 123           SH:  0    Dex: 15    Spells: 7/8 levels left

rFire   . . .        b - +0 arbalest
rCold   . . .        (shield currently unavailable)
rNeg    . . .        g - +0 robe
rPois   .            (no helmet)
rElec   .            (no cloak)
rCorr   .            (no gloves)
SInv    +            (no boots)
Will    .....        D - amulet of magic regeneration
Stlth   +++          s - ring of see invisible
HPRegen 0.26/turn    (no ring)
MPRegen 0.52/turn

%: no passive effects
@: drained
A: high MP 1, forlorn, divine attributes
a: no special abilities


You were on level 5 of the Dungeon.
You visited 1 branch of the dungeon, and saw 5 of its levels.

You collected 266 gold pieces.
You spent 143 gold pieces at shops.

Inventory:

Hand Weapons
 a - the +2 sling of Descent {heavy, rN+ Int+7 Stlth-}
   (You bought it in a shop on level 3 of the Dungeon)

   Int:       It affects your intelligence (+7).
   rN:        It protects you from negative energy.
   Stlth:     It makes you less stealthy.
 b - a +0 arbalest (weapon)
 t - a +0 sling
 w - a +2 mace of distortion
 B - a +2 dagger of draining
 C - a +0 dagger of electrocution
Missiles
 c - 2 datura-tipped darts
 d - 4 boomerangs
 j - 5 poisoned darts
 p - 6 javelins
 q - 2 atropa-tipped darts
Armour
 g - a +0 robe (worn)
 k - a +0 leather armour
 n - a +0 scale mail
 y - the +6 chain mail "Keijam" {rPois rF+ Will- Str+5}
   (You found it on level 3 of the Dungeon)

   Str:       It affects your strength (+5).
   rF:        It protects you from fire.
   rPois:     It protects you from poison.
   Will:      It decreases your willpower.
 A - a +0 ring mail
Jewellery
 s - a ring of see invisible (left hand)
 D - an amulet of magic regeneration (around neck)
Wands
 h - a wand of acid (1)
 E - a wand of mindburst (12)
 F - a wand of charming (10)
Scrolls
 e - a scroll of poison
 f - a scroll of summoning
 i - a scroll of teleportation {unknown}
 v - a scroll of torment {unknown}
Potions
 l - a potion of heal wounds
 m - a potion of cancellation {unknown}
 o - a potion of haste {unknown}
 r - a potion of invisibility {unknown}
 u - 2 potions of curing
 x - 2 potions of brilliance {unknown}
 z - 2 potions of attraction {unknown}


   Skills:
 - Level 1.3 Fighting
 + Level 1.0 Ranged Weapons
 - Level 1.0 Throwing
 - Level 1.0 Armour
 - Level 4.5 Stealth
 - Level 2.0 Spellcasting
 - Level 3.0 Transmutations
 - Level 3.0 Poison Magic


You had 7 spell levels left.
You knew the following spells:

 Your Spells              Type           Power      Damage    Failure   Level
a - Sting                 Tmut/Pois      48%        1d5       5%          1

Your spell library contained the following spells:

 Spells                   Type           Power      Damage    Failure   Level
 Spider Form              Tmut/Pois      12%        N/A       16%         3


Dungeon Overview and Level Annotations

Branches:
Dungeon (5/15)
 Temple: D:4-7

Shops:
D:3 (   D:4 (


Innate Abilities, Weirdness & Mutations

You have an increased reservoir of magic. (+10% MP)
You shall have no god before yourself.
Your divine heritage dramatically boosts your attributes as you level up.


Message History

The sting hits the adder.
The adder looks even sicker.
The adder is severely wounded.
You feel sick.
You kill the adder!
Training target 1.0 for Ranged Weapons reached!
Your Ranged Weapons skill increases to level 1!
You need to enable at least one skill for training.
You start resting.
You feel sick.
Magic restored.
You feel sick. x3
You are no longer poisoned.
You start resting.
HP restored.
A wight comes into view. It is wielding a +3 halberd.
b - a +0 arbalest (weapon)
Fire: b) +0 arbalest
Press: ? - help, Q - select action, (/) - cycle Shift-Dir - straight line, f - wight
Aim: a wight, wielding a +3 halberd and wearing a +0 robe (50% to hit)
You shoot a bolt. The bolt hits the wight!
The wight is severely damaged.
Fire: b) +0 arbalest
Press: ? - help, Q - select action, (/) - cycle Shift-Dir - straight line, f/p - wight
Aim: a wight, wielding a +3 halberd and wearing a +0 robe (severely damaged, 50% to hit)
You shoot a bolt. The bolt hits the wight.
The wight is almost destroyed.
The wight hits you from afar with a +3 halberd!
The wight barely misses you.
Fire: b) +0 arbalest
Press: ? - help, Q - select action, (/) - cycle Shift-Dir - straight line, f/p - wight
Aim: a wight, wielding a +3 halberd and wearing a +0 robe (almost destroyed, 50% to hit)
You shoot a bolt. The bolt barely misses the wight.
The wight closely misses you.
The wight hits you from afar with a +3 halberd!
You feel drained.
Fire: b) +0 arbalest
Press: ? - help, Q - select action, (/) - cycle Shift-Dir - straight line, f/p - wight
Aim: a wight, wielding a +3 halberd and wearing a +0 robe (almost destroyed, 50% to hit)
You shoot a bolt. The bolt completely misses the wight.
The wight hits you from afar with a +3 halberd!!
Ouch! That really hurt!
You die...

z.## ... .# ..
.. .#######
###>....... .##
.z#..!.... ....
#?#.......
.##..##@#.......
#.......#......$
#......<..$.....
#...............
#........#######
#.>....#.#
#......#.#
#......#.#
#......#.#


You could see a wight.

Vanquished Creatures
  A jelly (D:3)
  5 gnolls
  4 adders
  A worm (D:2)
  2 dart slugs
  5 ball pythons
  7 endoplasms
  7 giant cockroaches
  5 goblins
  4 hobgoblins (D:1)
  2 jackals (D:4)
  2 quokkas (D:1)
  6 bats
  2 frilled lizards
  3 kobolds
  6 rats
62 creatures vanquished.

Vanquished Creatures (collateral kills)
  Ijyb (D:4)
  A goblin (D:4)
2 creatures vanquished.

Grand Total: 64 creatures vanquished

Notes
Turn   | Place    | Note
-------+----------+-------------------------------------------
     0 | D:1      | wingedge the Demigod Wanderer began the quest for the Orb.
     0 | D:1      | wingedge set off with the following items: a +0 dagger, 2
                  | atropa-tipped darts, 2 datura-tipped darts, 7 boomerangs, a
                  | +0 dagger, a scroll of summoning, a +0 robe; and the
                  | following spell memorised: Sting; and the following spells
                  | available to memorise: Spider Form.
     0 | D:1      | Reached XP level 1. HP: 14/14 MP: 4/4
   194 | D:1      | Reached skill level 1 in Poison Magic
   275 | D:1      | Reached XP level 2. HP: 20/20 MP: 5/5
  1107 | D:2      | Reached XP level 3. HP: 26/26 MP: 2/6
  2339 | D:3      | Reached XP level 4. HP: 34/34 MP: 5/8
  2765 | D:3      | Identified the +6 chain mail "Keijam" {rPois rF+ Will-
                  | Str+5}
  2809 | D:3      | Reached skill level 1 in Fighting
  2970 | D:3      | Found Liliph's Antique Weapon Shop.
  3007 | D:3      | Bought a dazzling sling for 143 gold pieces
  3007 | D:3      | Identified the +2 sling of Descent {heavy, rN+ Int+7
                  | Stlth-} (You bought it in a shop on level 3 of the Dungeon)
  3722 | D:4      | Noticed Ijyb
  3737 | D:4      | Killed Ijyb
  3738 | D:4      | Reached XP level 5. HP: 17/40 MP: 10/10
  4003 | D:4      | Found Vaanut's Antique Weapon Shoppe.
  4155 | D:5      | Entered Level 5 of the Dungeon
  4225 | D:5      | Reached skill level 1 in Ranged Weapons
  4254 | D:5      | Slain by a wight

Illustrated notes

Levels and vault maps discovered:
D:1:      lordsloth_arrival_two_stooges, layout_basic,
          minmay_misc_feat_four_crosses, minmay_misc_feat_square, minmay_cupped
D:2:      layout_rooms
D:3:      layout_basic, serial_shops, nicolae_shop_overgrown_old_shop,
          saegor_snake_ambush
D:4:      layout_layer_cave, nicolae_gozag_conspicuous_consumption,
          serial_shops, shop_statue, uniq_ijyb
D:5:      layout_basic, kennysheep_little_box,
          mainiacjoe_overflow_catch_the_wave, uniq_eustachio, uniq_pikel

Skill      XL: |  1  2  3  4  5 |
---------------+----------------+-----
Transmutations | 2 3 |  3.0
Poison Magic   | 1 2 3 |  3.0
Fighting       | 1 |  1.3
Spellcasting   | 2 |  2.0
Ranged Weapons | 1 |  1.0
Throwing       | |  1.0
Armour         | |  1.0
Stealth        | |  4.5

Action                     |  1- 3 |  4- 6 || total
---------------------------+-------+-------++-------
  Melee: Dagger            |    13 |       ||    13
         Short sword       |     1 |       ||     1
   Fire: Arbalest          |     2 |    13 ||    15
         Sling             |       |     1 ||     1
  Throw: Boomerang         |    34 |       ||    34
         Dart              |     1 |       ||     1
         Javelin           |     5 |       ||     5
   Cast: Sting             |    68 |    39 ||   107
  Evoke: Wand              |       |     2 ||     2
    Use: Potion            |       |     2 ||     2
         Scroll            |       |     3 ||     3
 Armour: Robe              |     5 |     6 ||    11
  Dodge: Dodged            |    22 |    22 ||    44
